 Dungeon Crawl Stone Soup version 0.30.1-11-g7821555f0a (webtiles) character file.

Game seed: 9352620219800430328

267658 monsoonserge the Acrobat (level 19, -10/109 HPs)
             Began as a Spriggan Hunter on Nov 2, 2023.
             Was the Champion of Okawaru.
             Mangled by a peacekeeper (21 damage)
             ... in the Desolation of Salt.
             The game lasted 02:50:29 (37330 turns).

monsoonserge the Acrobat (Spriggan Hunter)         Turns: 37330, Time: 02:50:30

Health: -10/109    AC: 13    Str: 10    XL:     19   Next: 35%
Magic:  33/33      EV: 55    Int: 18    God:    Okawaru [******]
Gold:   3828       SH:  5    Dex: 30    Spells: 10/37 levels left

rFire   + + +        a - +6 arbalest "Damnation" {damnation}
rCold   + . .        (shield currently unavailable)
rNeg    + + +        Q - +2 robe of the Bull {rElec rF+++ rN++ Int-2}
rPois   +            T - +2 hat {Will+}
rElec   +            x - +2 cloak {rPois}
rCorr   .            (gloves unavailable)
SInv    +            (boots unavailable)
Will    ++++.        k - amulet of reflection
Stlth   +++++++      h - ring of the Pariah {rPois rF+ rC+ AC+4 Str+3}
HPRegen 0.38/turn    j - ring "Nipn" {rN++ Int+7 Dex+6}
MPRegen 0.23/turn

%: reflection
@: about to teleport, heroic, spiked, hasted, very quick
A: very small, no large weapons, unfitting armour, see invisible, speed 3
}: 2/15 runes: decaying, serpentine
a: Renounce Religion, Heroism, Finesse, Duel


You were in the Desolation of Salt.
You worshipped Okawaru.
Okawaru was exalted by your worship.
You visited 6 branches of the dungeon, and saw 31 of its levels.
You visited 1 bazaar.
You also visited: Sewer, Gauntlet and Desolation.

You collected 4411 gold pieces.
You spent 583 gold pieces at shops.

Inventory:

Hand Weapons
 a - the +6 arbalest "Damnation" (weapon) {damnation}
   (You found it on level 14 of the Dungeon)
 b - a +1 hand crossbow of freezing
Missiles
 s - 8 atropa-tipped darts
 H - 2 datura-tipped darts
 L - 3 boomerangs of dispersal
 N - 2 throwing nets
Armour
 x - a +2 cloak of poison resistance (worn)
 I - the -2 hat of the Alchemist {rElec rPois rF+ rC+ rN+ Will+ rMut rCorr}
   (You found it on level 2 of the Swamp)

   rF:        It protects you from fire.
   rC:        It protects you from cold.
   rElec:     It insulates you from electricity.
   rPois:     It protects you from poison.
   rN:        It protects you from negative energy.
   rCorr:     It protects you from acid and corrosion.
   rMut:      It protects you from mutation.
   Will:      It increases your willpower.
 K - the +3 crown of Dyrovepreva {rElec Int+2 SInv}
   (You acquired it on level 9 of the Dungeon)

   Int:       It affects your intelligence (+2).
   rElec:     It insulates you from electricity.
   SInv:      It lets you see invisible.
 Q - the +2 robe of the Bull (worn) {rElec rF+++ rN++ Int-2}
   (Okawaru gifted it to you on level 3 of the Lair of Beasts)

   Int:       It affects your intelligence (-2).
   rF:        It renders you almost immune to fire.
   rElec:     It insulates you from electricity.
   rN:        It greatly protects you from negative energy.
 T - a +2 hat of willpower (worn)
 Z - a scarf of repulsion
Jewellery
 h - the ring of the Pariah (left hand) {rPois rF+ rC+ AC+4 Str+3}
   (You found it in a Gauntlet)

   [ring of protection]

   AC:        It affects your AC (+4).
   Str:       It affects your strength (+3).
   rF:        It protects you from fire.
   rC:        It protects you from cold.
   rPois:     It protects you from poison.
 j - the ring "Nipn" (right hand) {rN++ Int+7 Dex+6}
   (You found it on level 14 of the Dungeon)

   [ring of dexterity]

   Int:       It affects your intelligence (+7).
   Dex:       It affects your dexterity (+6).
   rN:        It greatly protects you from negative energy.
 k - an amulet of reflection (around neck)
 B - a ring of flight
 X - a ring of resist corrosion
Wands
 d - a wand of mindburst (30)
 t - a wand of digging (2)
 y - a wand of polymorph (14)
 A - a wand of iceblast (16)
 W - a wand of light (32)
Scrolls
 u - 3 scrolls of blinking
 v - 4 scrolls of vulnerability
 z - 13 scrolls of teleportation
 E - a scroll of poison
 J - 5 scrolls of fear
 M - 4 scrolls of fog
 R - 3 scrolls of silence
 U - 5 scrolls of magic mapping
 Y - 7 scrolls of immolation
Potions
 c - 10 potions of brilliance
 f - 10 potions of haste
 g - 2 potions of resistance
 i - 8 potions of flight
 m - 5 potions of mutation
 o - 16 potions of curing
 p - 2 potions of heal wounds
 q - 2 potions of magic
 w - 3 potions of ambrosia
 C - 2 potions of cancellation
 D - a potion of invisibility
Miscellaneous
 r - a phial of floods
 F - a lightning rod (4/4)
 O - a tin of tremorstones (inert)


   Skills:
 + Level 16.3(21.3) Fighting
 - Level 18.0(23.0) Ranged Weapons
 - Level 1.4(6.4) Armour
 - Level 21.6(26.6) Dodging
 * Level 10.0(15.0) Stealth
 - Level 7.3(12.3) Shields
 + Level 9.7 Spellcasting
 - Level 3.0 Conjurations
 + Level 6.2 Hexes
 - Level 6.0 Translocations
 + Level 5.6 Transmutations
 - Level 5.0 Air Magic
 - Level 4.0 Poison Magic
 + Level 10.1 Invocations
 + Level 8.4 Evocations


You had 10 spell levels left.
You knew the following spells:

 Your Spells              Type           Power      Damage    Failure   Level
a - Wereblood             Tmut           29%        N/A       1%          2
b - Mephitic Cloud        Conj/Pois/Air  23%        N/A       4%          3
c - Passage of Golubria   Tloc           30%        N/A       7%          4
d - Apportation           Tloc           60%        N/A       1%          1
e - Cause Fear            Hex            15%        N/A       6%          4
f - Silence               Hex/Air        14%        N/A       22%         5
g - Yara's Violent Unrav  Hex/Tmut       15%        3d8       19%         5
h - Portal Projectile     Hex/Tloc       60%        N/A       1%          3

Your spell library contained the following spells:

 Spells                   Type           Power      Damage    Failure   Level
 Beastly Appendage        Tmut           58%        N/A       1%          1
 Slow                     Hex            100%       N/A       1%          1
 Lesser Beckoning         Tloc           60%        N/A       1%          2
 Confusing Touch          Hex            31%        N/A       1%          3
 Gell's Gravitas          Tloc           30%        N/A       1%          3
 Teleport Other           Tloc           30%        N/A       1%          3
 Magic Dart               Conj           76%        1d6       2%          1
 Cigotuvi's Dreadful Rot  Necr/Pois/Air  38%        N/A       3%          2
 Searing Ray              Conj           38%        2d5       3%          2
 Spider Form              Tmut/Pois      26%        N/A       3%          3
 Foxfire                  Conj/Fire      56%        2x1d6     4%          1
 Ignite Poison            Fire/Tmut/Pois 20%        N/A       6%          3
 Inner Flame              Hex/Fire       20%        N/A       7%          3
 Volatile Blastmotes      Fire/Tloc      38%        2d13      7%          3
 Necrotise                Necr           32%        1d5       9%          1
 Scorch                   Fire           16%        2d6       12%         2
 Fulminant Prism          Conj/Hex       12%        3d9       12%         4
 Iskenderun's Mystic Bla  Conj/Tloc      25%        2d7       13%         4
 Olgreb's Toxic Radiance  Pois           23%        N/A       16%         4
 Anguish                  Hex/Necr       10%        N/A       22%         4
 Leda's Liquefaction      Hex/Erth       10%        N/A       22%         4
 Vampiric Draining        Necr           8%         2d6       24%         3
 Alistair's Intoxication  Tmut/Pois      17%        N/A       30%         5
 Flame Wave               Conj/Fire      14%        2d6       41%         4
 Sticky Flame             Conj/Fire      14%        2d4       41%         4
 Dispersal                Tloc           15%        N/A       71%         6
 Fireball                 Conj/Fire      7%         3d5       77%         5
 Eringya's Noxious Bog    Tmut/Pois      13%        N/A       86%         6
 Borgnjor's Vile Clutch   Necr/Erth      4%         N/A       92%         5
 Lee's Rapid Deconstruct  Erth           4%         3d5*      92%         5
 Statue Form              Tmut/Erth      12%        N/A       98%         6
 Plasma Beam              Fire/Air       8%         2x1d21    99%         6
 Enfeeble                 Hex            15%        N/A       99%         7
 Starburst                Conj/Fire      7%         6d4       100%        6
 Borgnjor's Revivificati  Necr           4%         N/A       100%        8
 Ignition                 Fire           4%         3d4       100%        8
 Lehudib's Crystal Spear  Conj/Erth      7%         10d3      100%        8
 Necromutation            Tmut/Necr      9%         N/A       100%        8
 Death's Door             Necr           4%         N/A       100%        9
 Shatter                  Erth           4%         3d7*      100%        9
 Summon Small Mammal      Summ           Unusable   N/A       N/A         1
 Call Imp                 Summ           Unusable   N/A       N/A         2
 Call Canine Familiar     Summ           Unusable   N/A       N/A         3
 Animate Armour           Summ/Erth      Unusable   N/A       N/A         4
 Animate Dead             Necr           Unusable   N/A       N/A         4
 Death Channel            Necr           Unusable   N/A       N/A         6
 Summon Cactus Giant      Summ           Unusable   N/A       N/A         6
 Monstrous Menagerie      Summ           Unusable   N/A       N/A         7

Dungeon Overview and Level Annotations

Branches:
Dungeon (15/15)            Temple (1/1) D:4            Lair (5/5) D:9
  Swamp (4/4) Lair:3        Snake (4/4) Lair:3        Slime (0/5) Lair:4
    Orc (0/2) D:10         Vaults (2/5) D:14         Depths (0/4) D:15
  Sewer (visited)         Desolation (1/1)          Gauntlet (visited)
  Crypt: Vaults:2-3

Altars:
Ashenzari
Cheibriados
Dithmenos
Elyvilon
Fedhas
Gozag
Hepliaklqana
Kikubaaqudgha
Makhleb
Nemelex Xobeh
Okawaru
Qazlal
Ru
Sif Muna
Trog
Uskayaw
Vehumet
Xom
Yredelemnul
Zin
The Shining One

Shops:
D:1 !   D:9 ?[=!   D:12 !   Snake:1 (?(


Innate Abilities, Weirdness & Mutations

You are very small and have problems with some larger weapons.
You are too small for most types of armour.
You have supernaturally acute eyesight. (SInv)
You cover ground extremely quickly. (Speed+++)


Message History

The damnation engulfs the saltling!
The saltling is heavily damaged.
The peacekeeper hurls a volley of spikes at you.
The volley of spikes misses you.
A ragged hierophant comes into view. It is wielding a +0 rapier.
You hear a snapping sound.
Your base Stealth skill increases to level 10!
Fire: a) +6 arbalest "Damnation" {damnation}
Press: ? - help, Q - select action, (/) - cycle Shift-Dir - straight line, f - saltling, p - peacekeeper
Aim: a saltling (strong, 88% to hit)
You shoot a damnation bolt. The damnation bolt hits the saltling.
The saltling is heavily damaged.
The damnation bolt explodes!
The damnation engulfs the saltling!!
You destroy the saltling!
Okawaru accepts your kill.
The damnation engulfs the peacekeeper!
The peacekeeper is moderately damaged.
The peacekeeper hurls a volley of spikes at you.
The volley of spikes misses you.
The ragged hierophant gestures at you while chanting.
A blast of power from the earth strikes you!
You feel yourself speed up.
The peacekeeper no longer looks unusually strong.
The peacekeeper hurls a volley of spikes at you.
The volley of spikes hits you.
The barbed spikes become lodged in your body.
The ragged hierophant casts a spell at you.
A blast of power from the earth and the peacekeepers strikes you!
The peacekeeper roars a battlecry!
The peacekeeper goes into a battle-frenzy!
The barbs in your skin will harm you if you move.
Continue?
Okay, then.
As you read the scroll of teleportation, it crumbles to dust.
You feel strangely unstable.
The saltling no longer looks unusually strong.
The peacekeeper bites you!!
* * * LOW HITPOINT WARNING * * *
You block the peacekeeper's attack.
The peacekeeper completely misses you. x2
The peacekeeper bites you!!
You die...

,*,**,,,,,.....,#.............##p
,*,,*,,,,......##.............9..
,**,*,,,,...............)..p..9..
,,,,*,,,,............∩..)........
,,,,*,,,,............p...........
,**,*,,,,............∩.....a.....
,*,,*,,,,........99..aa..........
,*,**,,,,##......999.............
,****,,,,.......@999....##....^..
,,8,,,,,,........9....a.#..a..9..
,,,,,,,,,....§§§...........9..).†
,,,,,,,,,§§§§§§.................)
,,,,,,,,,§§§§§§§............)....
,,,,,,,,,,..§§....#..............
,,,,,,,,,,..§§...................
,*,,,,,,,,,,,.........#........9.
,*,,,,,,,,,,,,,,,,....###..9.a...


You could see 2 ragged hierophants, a servant of whispers, an ironbound
convoker, 3 peacekeepers and 6 saltlings.

Vanquished Creatures
  An ancient champion (Vaults:1)
  Frances (D:13)
  A sphinx (D:13)
  Donald (Swamp:2)
  3 nagarajas
  A frost giant (D:13)
  A fire giant (D:14)
  3 vault wardens
  An imperial myrmidon (Desolation)
  12 slime creatures
  4 ironbound preservers
  A stone giant (D:14)
  3 ironbound thunderhulks
  7 very ugly things
  A minotaur (Gauntlet)
  A vampire knight (Vaults:2)
  5 eleionomae
  3 bunyips (Swamp:3)
  3 crystal guardians
  3 shambling mangroves
  An ettin (D:14)
  3 yaktaur captains
  3 ragged hierophants (Desolation)
  5 vault guards
  2 fire dragons
  2 servants of whispers (Desolation)
  A great orb of eyes (Vaults:1)
  20 hydras
  An ice dragon (D:15)
  4 salamander tyrants (Snake:4)
  2 catoblepae (Lair:3)
  2 ogre magi
  15 anacondas
  A spriggan air mage (Swamp:3)
  2 ironbound frosthearts (Vaults:1)
  5 boulder beetles
  7 two-headed ogres
  6 centaur warriors
  3 peacekeepers
  13 alligators
  2 death knights
  7 death yaks
  14 naga warriors
  2 tengu warriors
  9 naga sharpshooters
  8 shock serpents
  5 salamander mystics
  A fire crab (Gauntlet)
  4 sea snakes (Snake:3)
  7 skeletal warriors
  4 spriggan druids
  2 goliath frogs
  12 deep trolls
  8 bog bodies
  2 death drakes (Swamp:3)
  16 naga ritualists
  10 swamp dragons
  4 harpies (Vaults:1)
  13 lindwurms
  4 ironbound convokers
  2 necromancers (Vaults:1)
  A phantasmal warrior (D:14)
  A wolf spider (D:15)
  17 ugly things
  24 mana vipers
  23 salamanders
  21 cyclopes
  4 will-o-the-wisps
  5 elephants
  5 manticores
  Joseph (D:8)
  A guardian serpent (shapeshifter) (D:15)
  11 guardian serpents
  A black mamba (shapeshifter) (D:13)
  14 naga magi
  3 molten gargoyles (Lair:5)
  49 black mambas
  A torpor snail (Lair:4)
  2 vault sentinels (Vaults:2)
  2 unseen horrors (D:12)
  11 cane toads
  4 rime drakes
  Psyche (D:12)
  2 human zombies (Vaults:1)
  6 yaktaurs
  Maggie (D:6)
  13 komodo dragons
  A yaktaur (shapeshifter) (D:15)
  An elf skeleton (Vaults:1)
  2 tengu conjurers
  A komodo dragon (shapeshifter) (D:14)
  3 meliai (D:15)
  An efreet (D:15)
  4 trolls
  2 bloated husks
  14 tyrant leeches
  9 hornets
  22 saltlings (Desolation)
  Grinder (D:6)
  13 blink frogs
  3 polar bears
  A dream sheep (shapeshifter) (Vaults:2)
  14 flying skulls (Gauntlet)
  A centaur simulacrum (D:14)
  A shadow (D:6)
  A vampire (D:10)
  3 spriggans
  2 wraiths
  2 wyverns (Lair:5)
  50 yaks
  A hog (shapeshifter) (D:14)
  4 fire bats (Gauntlet)
  2 steam dragons (Lair:5)
  Grum (D:8)
  7 basilisks
  14 vampire mosquitoes
  2 wargs (D:14)
  13 swamp worms
  2 acid dragons
  42 nagas
  3 hell hounds (Lair:5)
  10 water moccasins
  6 orc warriors
  10 swamp drakes
  4 black bears
  An ice beast (D:5)
  6 ogres
  3 boggarts (Vaults:1)
  22 wolves
  8 centaurs
  A kobold brigand (D:8)
  Blork the orc (D:6)
  15 bullfrogs
  7 scorpions
  7 wights (D:9)
  12 killer bees
  7 lava snakes
  4 electric eels (Lair:3)
  4 howler monkeys
  A quasit (D:7)
  11 jellies
  Crazy Yiuf (D:2)
  A gnoll bouda (D:6)
  6 orc priests
  5 hounds
  2 sleepcaps
  2 iguanas
  11 orc wizards
  7 gnolls (D:6)
  12 adders
  3 river rats (D:3)
  2 shadow imps (D:7)
  4 white imps
  2 ufetubi
  A worm (D:3)
  2 dart slugs
  36 orcs
  11 ball pythons
  4 bats
  7 endoplasms
  8 giant cockroaches (Sewer)
  6 goblins
  3 hobgoblins
  4 jackals (D:4)
  11 quokkas
  7 frilled lizards
  8 kobolds
  6 rats
1069 creatures vanquished.

Vanquished Creatures (others)
  Nessos (D:12)
  2 bloated husks
  A swamp worm (Swamp:4)
  An adder (D:6)
  12 foxfires
17 creatures vanquished.

Grand Total: 1086 creatures vanquished

Notes
Turn   | Place    | Note
-------+----------+-------------------------------------------
     0 | D:1      | monsoonserge the Spriggan Hunter began the quest for the
                  | Orb.
     0 | D:1      | Reached XP level 1. HP: 10/10 MP: 2/2
    98 | D:1      | Reached XP level 2. HP: 14/14 MP: 3/3
   193 | D:1      | Found Ahogha's Distillery.
   474 | D:1      | Reached XP level 3. HP: 18/18 MP: 4/4
   527 | D:2      | Reached skill level 5 in Ranged Weapons
   618 | D:2      | Found a basalt altar of Yredelemnul.
   873 | D:2      | Found a runed translucent door.
   874 | D:2      | Noticed Crazy Yiuf
  1014 | D:3      | Found a faded altar of an unknown god.
  1171 | D:3      | Noticed a scorpion
  1231 | D:3      | Killed a scorpion
  1232 | D:3      | Reached XP level 4. HP: 23/23 MP: 5/5
  1327 | D:3      | Reached skill level 3 in Dodging
  1328 | D:3      | Reached XP level 5. HP: 26/26 MP: 6/6
  1454 | D:3      | Found a glowing drain.
  1495 | Sewer    | Entered a sewer
  1802 | Sewer    | Reached XP level 6. HP: 26/32 MP: 7/7
  1812 | Sewer    | Got the Excursus on the Helpful Cure
  2367 | D:2      | Killed Crazy Yiuf
  2576 | D:4      | Found a shadowy altar of Dithmenos.
  2628 | D:4      | Found a staircase to the Ecumenical Temple.
  2654 | Temple   | Entered the Ecumenical Temple
  2888 | Temple   | Reached skill level 1 in Evocations
  2888 | Temple   | Reached XP level 7. HP: 35/35 MP: 8/8
  3129 | D:4      | Found an opulent altar of Gozag.
  3227 | D:4      | Found a burning altar of Makhleb.
  3335 | D:5      | Entered Level 5 of the Dungeon
  3733 | D:5      | Reached XP level 8. HP: 40/40 MP: 9/9
  4245 | D:6      | Noticed Maggie
  4542 | D:6      | Reached skill level 10 in Ranged Weapons
  4588 | D:6      | Identified the +1 whip of the Wicked God {holy, Str+3}
  4709 | D:6      | Reached skill level 4 in Dodging
  4852 | D:6      | Noticed Blork the orc
  4867 | D:6      | Killed Blork the orc
  4978 | D:6      | Noticed Grinder
  4991 | D:6      | Killed Grinder
  5173 | D:7      | Reached XP level 9. HP: 46/46 MP: 10/10
  6239 | D:7      | Reached skill level 5 in Fighting
  6615 | D:8      | Noticed Joseph
  6636 | D:8      | Noticed Grum
  6664 | D:7      | Reached skill level 5 in Dodging
  6748 | D:8      | Killed Grum
  7064 | D:8      | Reached XP level 10. HP: 51/51 MP: 11/11
  7345 | D:9      | Identified a scroll of acquirement
  7345 | D:9      | Acquired 1089 gold pieces
  7460 | D:9      | Found Noopt's Antique Armour Boutique.
  7469 | D:9      | Found Nafofoqe's Distillery.
  7469 | D:9      | Found Xisut's Magic Scroll Boutique.
  7469 | D:9      | Found Kuoss's Jewellery Boutique.
  7487 | D:9      | Bought a scroll of fear for 52 gold pieces
  7492 | D:9      | Bought a potion of haste for 140 gold pieces
  7492 | D:9      | Bought a potion of degeneration for 14 gold pieces
  7571 | D:6      | Found the +1 Delatra's gloves {ID++}
  7690 | D:6      | Killed Maggie
  7691 | D:6      | Reached skill level 6 in Dodging
  7827 | D:8      | Killed Joseph
  7924 | D:9      | Bought a scroll of teleportation for 39 gold pieces
  8173 | D:9      | Found a staircase to the Lair.
  8311 | D:9      | Noticed a two-headed ogre
  8329 | D:9      | Killed a two-headed ogre
  8357 | D:9      | Noticed a cyclops
  8371 | D:9      | Killed a cyclops
  8584 | D:10     | Entered Level 10 of the Dungeon
  8685 | D:9      | Acquired the +3 crown of Dyrovepreva {rElec Int+2 SInv}
  8685 | D:9      | Found the +3 crown of Dyrovepreva {rElec Int+2 SInv}
  8738 | D:10     | Reached XP level 11. HP: 57/58 MP: 12/12
  8785 | D:10     | Found a staircase to the Orcish Mines.
  8860 | D:10     | Got the Collected Works on Indurated Shades
  8887 | D:10     | Noticed a purple ugly thing
  8900 | D:10     | Killed a purple ugly thing
  8901 | D:10     | Reached skill level 7 in Dodging
  8952 | D:10     | Found an iron altar of Okawaru.
  8962 | D:10     | Became a worshipper of Warmaster Okawaru
  9042 | D:10     | Reached skill level 8 in Dodging
  9214 | D:10     | Found a glowing silver altar of Zin.
  9214 | D:10     | Found a glowing golden altar of the Shining One.
  9272 | D:10     | Reached * piety under Okawaru
  9526 | Lair:1   | Entered Level 1 of the Lair of Beasts
  9580 | Lair:1   | Reached skill level 15 in Ranged Weapons
  9580 | Lair:1   | Reached skill level 9 in Dodging
  9765 | D:9      | Reached ** piety under Okawaru
  9798 | D:9      | Reached skill level 10 in Dodging
  9881 | D:9      | Reached *** piety under Okawaru
  9958 | D:9      | Reached skill level 1 in Invocations
  9984 | D:9      | Reached skill level 11 in Dodging
 10263 | Lair:1   | Reached **** piety under Okawaru
 10413 | Lair:1   | Reached skill level 12 in Dodging
 10464 | Lair:1   | Reached XP level 12. HP: 50/63 MP: 14/14
 10565 | Lair:1   | Identified the +3 falchion of the Water Diviner {freeze,
                  | rF+ rN+}
 10656 | Lair:1   | Noticed a boulder beetle
 10674 | Lair:1   | Killed a boulder beetle
 10966 | Lair:2   | Noticed a boulder beetle
 10988 | Lair:2   | Killed a boulder beetle
 11240 | Lair:2   | Noticed a boulder beetle
 11255 | Lair:2   | Killed a boulder beetle
 11256 | Lair:2   | Reached skill level 13 in Dodging
 11332 | Lair:2   | Reached ***** piety under Okawaru
 11950 | Lair:3   | Found a staircase to the Snake Pit.
 12238 | Lair:3   | Noticed a catoblepas
 12251 | Lair:3   | Noticed a catoblepas
 12326 | Lair:3   | Acquired the ring "Kyinuss" {rC+ Str+6 Dex+3}
 12376 | Lair:3   | Reached skill level 1 in Armour
 12561 | Lair:3   | Found a staircase to the Swamp.
 12675 | Lair:3   | Identified the +2 robe of the Bull {rElec rF+++ rN++ Int-2}
                  | (Okawaru gifted it to you on level 3 of the Lair of Beasts)
 12675 | Lair:3   | Received a gift from Okawaru
 12723 | Lair:3   | Killed a catoblepas
 12724 | Lair:3   | Reached skill level 5 in Invocations
 12867 | Lair:3   | Noticed an alligator
 12886 | Lair:3   | Killed an alligator
 12933 | Lair:3   | Noticed an alligator
 12939 | Lair:3   | Killed an alligator
 12940 | Lair:3   | Reached XP level 13. HP: 57/69 MP: 15/17
 13049 | Lair:3   | Reached skill level 14 in Dodging
 14041 | Lair:4   | Found a staircase to the Slime Pits.
 14238 | Lair:4   | Received a gift from Okawaru
 14242 | Lair:4   | Reached skill level 15 in Dodging
 14406 | Lair:5   | Entered Level 5 of the Lair of Beasts
 14908 | Lair:5   | Reached skill level 16 in Dodging
 15112 | Lair:5   | Reached ****** piety under Okawaru
 15210 | Lair:5   | Reached skill level 17 in Dodging
 15363 | Lair:5   | Received a gift from Okawaru
 15364 | Lair:5   | Reached XP level 14. HP: 63/75 MP: 15/20
 15770 | Lair:5   | Found a large runed translucent door.
 15770 | Lair:5   | Found a large runed translucent door.
 16176 | Snake:1  | Entered Level 1 of the Snake Pit
 16192 | Lair:3   | Reached skill level 18 in Dodging
 16207 | Snake:1  | Reached skill level 10 in Fighting
 16675 | Snake:1  | Found Eluidif's Antique Weapon Shoppe.
 16675 | Snake:1  | Found Kekhowutai's Magic Scroll Emporium.
 16679 | Snake:1  | Found Etoz Obi's Antique Weapon Shoppe.
 16691 | Snake:1  | Bought a twisted shortbow for 168 gold pieces
 16691 | Snake:1  | Identified the +4 shortbow "Cyaxtyca" {freeze, rC+ Str+3}
                  | (You bought it in a shop on level 1 of the Snake Pit)
 17717 | Snake:1  | Identified the +1 robe of Polish {rN++ Dex+3} (Okawaru
                  | gifted it to you on level 1 of the Snake Pit)
 17717 | Snake:1  | Received a gift from Okawaru
 17718 | Snake:1  | Reached skill level 19 in Dodging
 17750 | Snake:2  | Got Sif Muna's Tome of Polluted Modification
 17754 | Snake:2  | Learned a level 2 spell: Wereblood
 17812 | Snake:2  | Noticed a nagaraja
 17850 | Snake:2  | Killed a nagaraja
 17851 | Snake:2  | Reached skill level 1 in Spellcasting
 17851 | Snake:2  | Reached skill level 1 in Transmutations
 18545 | Snake:2  | Reached skill level 5 in Stealth
 18545 | Snake:2  | Reached XP level 15. HP: 74/83 MP: 18/22
 19800 | Snake:3  | Received a gift from Okawaru
 20114 | Snake:3  | Received a gift from Okawaru
 20172 | Snake:3  | Noticed a nagaraja
 20190 | Snake:3  | Killed a nagaraja
 20203 | Snake:3  | Reached skill level 5 in Evocations
 20560 | Snake:3  | Identified the staff of fire "Naitag" {rF+ SInv}
 20574 | Snake:3  | Identified the +1 scale mail of Generosity {Harm rF++ rN+
                  | Dex-2}
 20718 | Snake:3  | Identified the +0 robe of Wisdom {Will+ Str-3 Int+3}
                  | (Okawaru gifted it to you on level 3 of the Snake Pit)
 20718 | Snake:3  | Received a gift from Okawaru
 20721 | Snake:3  | Reached skill level 1 in Shields
 20874 | Snake:3  | HP: 4/86 [naga ritualist/+0 glaive (12)]
 21323 | Snake:3  | Identified the staff of poison "Jikkum Lusi" {rPois Str+4
                  | Stlth+}
 21520 | Swamp:1  | Entered Level 1 of the Swamp
 21822 | Swamp:1  | You fall into a shaft and drop 1 floor!
 21980 | Swamp:1  | Reached XP level 16. HP: 76/91 MP: 24/24
 22404 | Swamp:2  | Found the -2 hat of the Alchemist {rElec rPois rF+ rC+ rN+
                  | Will+ rMut rCorr}
 22408 | Swamp:2  | Reached skill level 20 in Dodging
 22827 | Swamp:2  | Reached skill level 10 in Invocations
 23411 | Swamp:3  | Learned a level 3 spell: Mephitic Cloud
 23991 | Swamp:3  | Identified the scarf "Rowavag" {harm, rElec Will+ Int+9
                  | Dex-3} (Okawaru gifted it to you on level 3 of the Swamp)
 23991 | Swamp:3  | Received a gift from Okawaru
 24102 | Swamp:4  | Entered Level 4 of the Swamp
 24334 | Swamp:3  | Reached skill level 1 in Air Magic
 24693 | Swamp:3  | Reached skill level 1 in Poison Magic
 24832 | Swamp:3  | Reached skill level 1 in Conjurations
 25922 | Swamp:4  | Got a decaying rune of Zot
 25972 | Swamp:4  | Learned a level 4 spell: Passage of Golubria
 26331 | Swamp:2  | Noticed Donald
 26339 | Swamp:2  | Killed Donald
 26530 | Snake:4  | Entered Level 4 of the Snake Pit
 26548 | Snake:4  | Reached skill level 5 in Spellcasting
 26548 | Snake:4  | Reached skill level 1 in Translocations
 26711 | Arena    | Entered the Arena
 26776 | Snake:4  | Reached skill level 5 in Shields
 26781 | Snake:4  | Found a flickering gateway to a bazaar.
 26820 | Bazaar   | Entered a bazaar
 26823 | Bazaar   | Found Zyhuul's Jewellery Shoppe.
 26845 | Bazaar   | Found Ahagyufe's Armour Boutique.
 26855 | Bazaar   | Found Tiebroos's Antique Weapon Boutique.
 26866 | Bazaar   | Found Cap Piuj's Book Shop.
 26974 | Snake:4  | Identified the +1 robe of the King of the Hill {Dex+5}
                  | (Okawaru gifted it to you on level 4 of the Snake Pit)
 26974 | Snake:4  | Received a gift from Okawaru
 26992 | Snake:4  | Reached XP level 17. HP: 86/96 MP: 25/25
 28730 | Snake:4  | Received a gift from Okawaru
 28766 | Snake:4  | Got a serpentine rune of Zot
 29753 | D:11     | Learned a level 1 spell: Apportation
 30105 | D:12     | Found Azealima's Distillery.
 30113 | D:12     | Bought a potion of heal wounds for 85 gold pieces
 30113 | D:12     | Bought a potion of heal wounds for 85 gold pieces
 30253 | D:12     | Reached skill level 21 in Dodging
 30285 | D:12     | Noticed Psyche
 30288 | D:12     | Killed Psyche
 30319 | D:12     | Noticed Nessos
 30329 | D:12     | Killed Nessos
 30721 | D:13     | Found a gate leading to a gauntlet.
 30735 | Gauntlet | Entered a Gauntlet
 30735 | Gauntlet | Found a transporter.
 30750 | Gauntlet | Found a transporter.
 30760 | Gauntlet | Found a transporter.
 30788 | Gauntlet | Found a transporter.
 30788 | Gauntlet | Found a transporter.
 30810 | Gauntlet | Found a transporter.
 30812 | Gauntlet | Found a transporter.
 30825 | Gauntlet | Found a transporter.
 30840 | Gauntlet | Found a transporter.
 30842 | Gauntlet | Found a large runed translucent door.
 30843 | Gauntlet | Found a large runed translucent door.
 30844 | Gauntlet | Found a large runed translucent door.
 30844 | Gauntlet | Found a large runed translucent door.
 30845 | Gauntlet | Found a runed translucent door.
 30845 | Gauntlet | Found a large runed translucent door.
 30909 | Gauntlet | Found a transporter.
 30943 | Gauntlet | Found a transporter.
 30964 | Gauntlet | Found a transporter.
 30977 | Gauntlet | Found a transporter.
 30997 | Gauntlet | Found a transporter.
 31009 | Gauntlet | Found a transporter.
 31033 | Gauntlet | Found a transporter.
 31049 | Gauntlet | Found a large runed translucent door.
 31050 | Gauntlet | Found a large runed translucent door.
 31051 | Gauntlet | Found a large runed translucent door.
 31052 | Gauntlet | Found a runed translucent gate.
 31053 | Gauntlet | Found a transporter.
 31053 | Gauntlet | Found a runed translucent gate.
 31054 | Gauntlet | Found a runed translucent gate.
 31055 | Gauntlet | Found a large runed translucent door.
 31055 | Gauntlet | Found a large runed translucent door.
 31056 | Gauntlet | Found a large runed translucent door.
 31057 | Gauntlet | Found a large runed translucent door.
 31066 | Gauntlet | Found a large runed translucent door.
 31066 | Gauntlet | Found a large runed translucent door.
 31066 | Gauntlet | Found a runed translucent door.
 31067 | Gauntlet | Found a large runed translucent door.
 31068 | Gauntlet | Found a large runed translucent door.
 31070 | Gauntlet | Found a transporter.
 31128 | Gauntlet | Reached skill level 5 in Translocations
 31258 | Gauntlet | Identified the ring of the Pariah {rPois rF+ rC+ AC+4
                  | Str+3}
 31284 | Gauntlet | Identified the +8 halberd "Ozir" {holy, rF+ rN+ Str+2}
 31359 | Gauntlet | Got Pimos's Discursus on Anathema
 31365 | Gauntlet | Learned a level 4 spell: Cause Fear
 31414 | D:13     | Noticed Frances
 31427 | D:13     | Killed Frances
 31573 | D:13     | Found a hide-covered altar of Uskayaw.
 31694 | D:13     | Reached skill level 1 in Hexes
 32037 | D:13     | Reached XP level 18. HP: 77/102 MP: 28/30
 33326 | D:14     | Found the +8 demon blade "Leech" {evervamp, Harm Drain rN+}
 33326 | D:14     | Found the +6 arbalest "Damnation" {damnation}
 33331 | D:14     | Identified the +1 trident of the Evil Eye {heavy, *Slow
                  | rPois rC++ MP+9}
 33332 | D:14     | Identified the +8 trident of Classification {venom, Fragile
                  | Int+3 Dex+8 Stlth+}
 33333 | D:14     | Identified the +7 trident of the Skies Above {spect, Str+3
                  | Int+3}
 33372 | D:14     | Identified the ring "Nipn" {rN++ Int+7 Dex+6}
 33763 | D:14     | Identified the +3 quarterstaff of Virtue {protect, rC+
                  | Str-2 Int+4} (Okawaru gifted it to you on level 14 of the
                  | Dungeon)
 33763 | D:14     | Received a gift from Okawaru
 33792 | D:14     | Learned a level 5 spell: Silence
 33818 | D:14     | Learned a level 5 spell: Yara's Violent Unravelling
 33859 | D:14     | Found a gate to the Vaults.
 34116 | D:15     | Entered Level 15 of the Dungeon
 34187 | D:15     | Found a broken altar of Ashenzari.
 34214 | D:15     | Found a sacrificial altar of Ru.
 34657 | D:15     | Reached skill level 5 in Hexes
 34663 | D:15     | Found a staircase to the Depths.
 34723 | D:15     | Reached skill level 15 in Fighting
 34923 | D:15     | Received a gift from Okawaru
 35027 | Vaults:1 | Entered Level 1 of the Vaults
 35406 | Vaults:1 | Acquired 738 gold pieces
 35587 | Vaults:1 | Identified the +4 sling "Jiet Wol" {flame, rF+ rN+}
 35661 | Vaults:1 | Reached skill level 5 in Air Magic
 35776 | Vaults:1 | Reached skill level 5 in Transmutations
 36545 | Vaults:2 | Reached XP level 19. HP: 108/108 MP: 33/33
 37006 | Vaults:2 | Identified the +7 fire dragon scales of Valiance {rF++ rC-
                  | rN+} (Okawaru gifted it to you on level 2 of the Vaults)
 37006 | Vaults:2 | Received a gift from Okawaru
 37075 | Vaults:2 | Learned a level 3 spell: Portal Projectile
 37144 | Vaults:2 | Found a crumbling gateway.
 37244 | Desolati | Entered the Desolation of Salt
 37327 | Desolati | Reached skill level 10 in Stealth
 37330 | Desolati | Mangled by a peacekeeper

Illustrated notes

Levels and vault maps discovered:
D:1:      psy_arrival_terrarium, layout_rooms, serial_shops, shop
D:2:      layout_rooms, basic_altar, nicolae_underground_beach,
          uniq_crazy_yiuf_cottage
D:3:      layout_basic, lightli_sewer_entry_pipes,
          ebering_ecumenical_altar_abandoned
D:4:      layout_rooms, mainiacjoe_overflow_catch_the_wave,
          lemuel_coloured_pillars_altar, minmay_temple_entry_arrows,
          serial_bayou_pond_e
D:5:      layout_loops_ring
D:6:      layout_basic, uniq_blork_the_orc, uniq_maggie, uniq_grinder
D:7:      layout_gridville, serial_demonic, serial_demonic_a, serial_demonic_c,
          serial_demonic_d, serial_demonic_f, minmay_liquid_box,
          hangedman_abyss_or_decor_lesser_grid
D:8:      layout_basic, st_stairs_9, uniq_grum, uniq_joseph
D:9:      layout_loops_ring, grunt_lair_entry_orc_guard_hut,
          small_chamber_with_monster, minmay_shop_grid_forest
D:10:     layout_loops_cross, okawaru_ov_weapons_minmay,
          nicolae_overflow_hidden_temple, orc_david_3
D:11:     layout_loops_corners
D:12:     layout_rooms, serial_shops, nicolae_shop_statue_plus, uniq_psyche,
          uniq_nessos
D:13:     minmay_glassy_protrusions, layout_grid_maze, gauntlet_entry_generic,
          eat_drink_and_be_merry_uskayaw, uniq_frances
D:14:     giant_chief_lemuel, layout_irregular_city,
          lightli_vaults_fourway_checkpoint, minivault_26
D:15:     grunt_enter_depths_hoard, layout_loops_ring, basic_altar,
          nicolae_ru_awakened_eye
Temple:   regret_index_temple_waves
Lair:1:   layout_misc_corridors, beast_lair_carwin_6, grunt_megastairs_5
Lair:2:   layout_misc_corridors, infiniplex_staircase_pool_2
Lair:3:   onia_ninara_swampy_vault, layout_gridlike,
          nicolae_swamp_entry_splash_gauntlet,
          minmay_snake_entry_guardpost_small, minmay_shattered_shrine,
          lemuel_fruit_fields, serial_bayou_shore_a
Lair:4:   layout_loops_ring, nicolae_slime_entry_field_trip, serial_rivers,
          chequers_serial_rivers_micro_b, chequers_serial_rivers_small_b,
          chequers_serial_rivers_micro_c, chequers_serial_rivers_room_b,
          chequers_serial_rivers_small_a, chequers_serial_rivers_micro_a
Lair:5:   cheibrodos_lair_end_hotspot, layout_regular_city, st_stairs_10
Swamp:1:  layout_basic_swamp, evilmike_swamp_ruin_rubble_2
Swamp:2:  layout_basic_swamp, evilmike_swamp_ruin_house_5, uniq_donald
Swamp:3:  layout_basic_swamp, evilmike_swamp_ruin_house_1, swamp_pool1,
          nicolae_swamp_drake_lake
Swamp:4:  swamp_alternative, layout_basic_swamp, swamp_pool1
Snake:1:  layout_chambers, minmay_shop_star, serial_bayou_shore_b
Snake:2:  layout_layer_cave
Snake:3:  nicolae_sea_snake_s, layout_misc_corridors, nicolae_snake_naga_rites
Snake:4:  snake_pit_salamanders_mu, layout_basic, serial_shops,
          bzr_entry_customers, nicolae_snake_gridmaze_big_u
Vaults:1: nicolae_vaults_little_squares_2, v_misc_32,
          nicolae_vaults_double_plus_2, vaults_dpeg_hooks,
          ontoclasm_vaults_pinch, v_misc_22, grunt_vaults_diagonal,
          nicolae_vaults_door_testing_chamber,
          nicolae_vaults_crenellated_ambush, ontoclasm_vaults_shuriken,
          layout_vaults_omnigrid
Vaults:2: portal_desolation_entry_nicolae_slug,
          nicolae_vaults_ring_of_whatevers, v_rooms_2, vaults_room_door_hall,
          minmay_crypt_entry_simple_sparse, v_misc_30, vaults_room_grid,
          ontoclasm_vaults_echo, nicolae_vaults_diagonal_hallway_6,
          nicolae_vaults_little_squares_1, nicolae_vaults_network_periphery,
          v_misc_9, nicolae_vaults_closet_pinwheel_5, v_misc_8,
          nicolae_vaults_little_squares_4, layout_vaults_omnibox
Desolation

Skill      XL: |  1  2  3  4  5  6  7  8  9 10 11 12 13 14 15 16 17 18 19 |
---------------+----------------------------------------------------------+-----
Ranged Weapons | 5 6 7 8 10 12 14 15 17 18 | 18.0
Fighting       | 2 3 4 5 6 7 8 9 11 13 14 15 16 | 16.3
Dodging        | 3 4 5 6 12 13 17 19 20 21 | 21.6
Evocations     | 1 3 4 6 8 |  8.4
Stealth        | 2 3 4 5 6 7 8 10 | 10.0
Invocations    | 2 5 7 8 9 10 | 10.1
Armour         | 1 |  1.4
Spellcasting   | 2 3 5 7 9 |  9.7
Transmutations | 2 5 |  5.6
Shields        | 3 5 7 |  7.3
Air Magic      | 2 4 5 |  5.0
Poison Magic   | 2 4 |  4.0
Conjurations   | 2 3 |  3.0
Translocations | 1 5 6 |  6.0
Hexes          | 1 6 |  6.2

Action                     |  1- 3 |  4- 6 |  7- 9 | 10-12 | 13-15 | 16-18 | 19-21 || total
---------------------------+-------+-------+-------+-------+-------+-------+-------++-------
   Fire: Shortbow          |   103 |   184 |   558 |   133 |   658 |       |       ||  1636
         Arbalest          |       |       |       |   635 |   547 |   246 |    93 ||  1521
         Hand crossbow     |       |       |       |       |   202 |  1277 |    26 ||  1505
   Cast: Wereblood         |       |       |       |       |    12 |    12 |       ||    24
         Mephitic Cloud    |       |       |       |       |       |    11 |       ||    11
         Passage of Golubr |       |       |       |       |       |       |     2 ||     2
 Invoke: Heroism           |       |       |       |     3 |     3 |     9 |     1 ||    16
         Finesse           |       |       |       |       |     1 |     2 |       ||     3
         Duel              |       |       |       |       |       |     1 |       ||     1
  Evoke: Tin of tremorston |       |       |       |       |     2 |       |     2 ||     4
    Use: Scroll            |       |       |     7 |    11 |     3 |     6 |     2 ||    29
         Potion            |       |       |       |     1 |     3 |     2 |     4 ||    10
 Armour: Robe              |     2 |     5 |    46 |    81 |    57 |    52 |     6 ||   249
         Swamp dragon scal |       |       |       |     1 |       |       |       ||     1
  Dodge: Dodged            |    20 |    61 |   207 |   580 |   714 |   889 |   134 ||  2605
         Repelled          |       |       |       |     1 |       |       |       ||     1
  Block: Other             |     2 |    18 |       |       |       |    19 |    22 ||    61
         Buckler           |       |       |       |       |    76 |   447 |       ||   523
         Reflection        |       |       |       |       |     1 |    40 |       ||    41
